 Dungeon Crawl Stone Soup version 0.31-a0-276-ge00219d475 (webtiles) character file.

Game seed: 17008117912796947659

119 AIAndy the Changeling (level 4, -1/41 HPs)
             Began as a Troll Shapeshifter on July 15, 2023.
             Slain by an orc priest
             ... wielding a +0 trident
              (5 damage)
             ... on level 3 of the Dungeon.
             The game lasted 00:03:21 (1034 turns).

AIAndy the Changeling (Troll Shapeshifter)          Turns: 1034, Time: 00:03:22

Health: -1/41      AC:  4    Str: 31    XL:     4   Next: 73%
Magic:  3/3        EV: 10    Int:  4    God:
Gold:   191        SH:  0    Dex: 16    Spells: 3/3 levels left

rFire   . . .        o - +6 shillelagh "Devastator" {shatter}
rCold   . . .        (no shield)
rNeg    . . .        a - +0 animal skin
rPois   .            (helmet currently unavailable)
rElec   .            (cloak currently unavailable)
rCorr   .            (gloves unavailable)
SInv    .            (boots unavailable)
Will    .....        g - amulet of regeneration
Stlth   +            X - +6 ring of dexterity
HPRegen 1.86/turn    S - +6 ring of strength
MPRegen 0.08/turn

%: no passive effects
@: beast-form
A: beast (slay +2), large, unfitting armour, claws 3, regeneration 1, shaggy fur
1, tough skin 1
a: Begin Untransformation


You were on level 3 of the Dungeon.
You were a hulking beast.
You visited 1 branch of the dungeon, and saw 3 of its levels.

You collected 191 gold pieces.


Innate Abilities, Weirdness & Mutations

You are a hulking beast.
Your limbs bulge with bestial killing power. (Slay +2)
You are too large for most types of armour.
You have claws for hands.
Your natural rate of healing is unusually fast.
You are covered in fur. (AC +1)
You have tough skin. (AC +1)


   Skills:
 - Level 1.5 Fighting
 + Level 0.0 Maces & Flails
 - Level 1.5 Dodging
 - Level 3.7 Unarmed Combat
 + Level 4.0 Shapeshifting


You had 3 spell levels left.
You didn't know any spells.
Your spell library was empty.

Inventory:

Hand Weapons
 o - the +6 shillelagh "Devastator" (weapon) {shatter}
   (You found it on level 3 of the Dungeon)
Armour
 a - a +0 animal skin (worn)
Jewellery
 g - an amulet of regeneration (around neck)
 h - an amulet of the acrobat
 I - a +6 ring of intelligence
 S - a +6 ring of strength (right claw)
 X - a +6 ring of dexterity (left claw)
Talismans
 c - a beast talisman
Wands
 p - a wand of paralysis (1)
Scrolls
 e - a scroll of enchant armour {unknown}
 j - a scroll of identify {unknown}
 k - a scroll of blinking {unknown}
 l - a scroll of teleportation {unknown}
 m - a scroll of brand weapon {unknown}
Potions
 b - 2 potions of lignification {!q}
 d - 2 potions of haste {unknown}
 f - 3 potions of brilliance {unknown}
 i - a potion of attraction {unknown}
 n - 3 potions of curing {unknown}

Dungeon Overview and Level Annotations

Branches:
Dungeon (3/15)

Altars:
Sif Muna

#.. #.# ### . ..
#######.# ...# .. ..
......#.##...# ...
#.## #........#
#..##.o######......<#
#$....o............##
#..o.o..####.###..#
#o# #.## #># # #h#
#†.# .# #.#.### ##†#
. #.....# #.#
####..######.#
###.........#
#....######## #....#
#....# #....#


You could see an orc priest and 4 orcs.


Message History

You sock the ball python!
You kill the ball python!
An orc priest comes into view. It is wielding a +0 trident.
An orc comes into view. It is wielding a +0 club.
The orc priest shouts!
You hear a shout!
The orc moves out of view.
An orc comes into view. It is wielding a +0 dagger.
An orc comes into view. It is wielding a +0 flail.
The orc shouts! x3
The orc priest invokes the aid of Beogh against you.
Beogh smites you!
An orc comes into view. It is wielding a +0 hand axe.
The orc priest completely misses you.
Found 9 gold pieces.
The orc priest hits you with a +0 trident!
You barely miss the orc priest.
The orc priest hits you with a +0 trident.
You closely miss the orc priest. The orc hits you with a +0 dagger.
The orc priest hits you with a +0 trident.
You closely miss the orc priest. The orc closely misses you.
The orc priest hits you with a +0 trident!
* * * LOW HITPOINT WARNING * * *
The orc closely misses you.
The orc priest invokes the aid of Beogh against you.
Beogh smites you!
* * * LOW HITPOINT WARNING * * *
The orc completely misses you. The orc hits you but does no damage.
The orc attacks as you move away! The orc misses you.
The orc priest hits you from afar with a +0 trident.
You die...

Skill      XL: |  1  2  3  4 |
---------------+-------------+-----
Unarmed Combat | 3 |  3.7
Shapeshifting  | 4 |  4.0
Fighting       | |  1.5
Dodging        | |  1.5

Action                     |  1- 3 |  4- 6 || total
---------------------------+-------+-------++-------
  Melee: Unarmed           |    84 |    26 ||   110
         Punch             |     2 |       ||     2
         Shillelagh        |       |     7 ||     7
   Stab: Sleeping          |       |     3 ||     3
 Armour: Animal skin       |    26 |    10 ||    36
  Dodge: Dodged            |    57 |    19 ||    76

Levels and vault maps discovered:
D:1:      dpeg_arrival_refuge, layout_rooms, corexii_leaking_fountain
D:2:      layout_rooms, basic_altar, nicolae_concentric_dashed_squares_wild,
          minivault_27
D:3:      layout_rooms

Notes
Turn   | Place    | Note
-------+----------+-------------------------------------------
     0 | D:1      | AIAndy the Troll Shapeshifter began the quest for the Orb.
     0 | D:1      | Reached XP level 1. HP: 19/19 MP: 0/0
   120 | D:1      | Reached XP level 2. HP: 27/27 MP: 1/1
   468 | D:2      | Reached XP level 3. HP: 33/33 MP: 2/2
   519 | D:2      | Found a shimmering blue altar of Sif Muna.
   526 | D:2      | Reached skill level 3 in Unarmed Combat
   534 | D:2      | Reached XP level 4. HP: 39/41 MP: 3/3
   632 | D:2      | Reached skill level 4 in Shapeshifting
   952 | D:3      | Found the +6 shillelagh "Devastator" {shatter}
  1033 | D:3      | HP: 2/41 [orc priest/divine providence (16)]
  1034 | D:3      | Slain by an orc priest

Vanquished Creatures
  A hound (D:2)
  3 adders (D:2)
  A worm (D:2)
  3 dart slugs
  An orc (D:3)
  8 ball pythons
  An endoplasm (D:1)
  2 giant cockroaches
  6 goblins
  5 hobgoblins
  3 jackals (D:1)
  6 kobolds
  4 bats (D:1)
  6 frilled lizards
  3 rats
53 creatures vanquished.

Table legend: (Time is in decaauts)
 A = Elapsed time spent in this place.
 B = Non-inter-level travel time spent in this place.
 C = Inter-level travel time spent in this place.
 D = Time resting spent in this place.
 E = Time spent auto-exploring this place.
 F = Levels seen in this place.
 G = Mean time per level.
                   A        B        C        D        E       F      G
               +--------+--------+--------+--------+--------+-----+--------+
         Total |   1028 |   1011 |     17 |      0 |    697 |   3 |  342.7 |
       Dungeon |   1028 |   1011 |     17 |      0 |    697 |   3 |  342.7 |
               +--------+--------+--------+--------+--------+-----+--------+

Top non-repeatable levels by time:
     D:2: 466 daAuts
     D:1: 450 daAuts
     D:3: 111 daAuts

Table legend:
 A = Non-vault XP
 B = Vault XP
 C = Vault XP percentage of total XP
 D = Non-vault monster count
 E = Vault monster count
 F = Vault count percentage of total count
                 A         B        C        D         E       F
            +---------+---------+-------+---------+---------+-------
      Total |     170 |       0 |   0.0 |      53 |       0 |   0.0
            +---------+---------+-------+---------+---------+-------
        D:1 |      40 |       0 |   0.0 |      24 |       0 |   0.0
        D:2 |     115 |       0 |   0.0 |      22 |       0 |   0.0
        D:3 |      15 |       0 |   0.0 |       7 |       0 |   0.0
            +---------+---------+-------+---------+---------+-------
